 Dungeon Crawl Stone Soup version 0.27.1-1-g398f81649c (webtiles) character file.

Game seed: 2963791049012991436

17689 Metae the Blocker (level 12, -10/99 HPs)
             Began as a Formicid Fighter on Sept 17, 2021.
             Was a Priest of Makhleb.
             Mangled by Urug (25 damage)
             ... on level 2 of the Lair of Beasts.
             The game lasted 00:46:12 (13601 turns).

Metae the Blocker (Formicid Fighter)               Turns: 13601, Time: 00:46:13

Health: -10/99     AC: 21    Str: 28    XL:     12   Next: 85%
Magic:  17/17      EV:  8    Int:  8    God:    Makhleb [***...]
Gold:   794        SH: 18    Dex: 10    Spells: 11/11 levels left

rFire    . . .     SeeInvis +   a - +5 flail (holy)
rCold    . . .     Faith    .   c - +0 kite shield
rNeg     . . .     Spirit   .   z - +1 plate armour
rPois    .         Reflect  +   (helmet unavailable)
rElec    +         Harm     .   L - +0 cloak
rCorr    .         Rampage  .   (no gloves)
Will     +....                  (no boots)
Stlth    ..........             w - amulet of Emiuklam {Reflect rElec Slay+5 SH+5}
HPRegen  0.26/turn              v - +4 ring of protection
MPRegen  0.15/turn              (no ring)

@: no status effects
A: permanent stasis, dig shafts and tunnels, antennae 3, four strong arms,
talons 1, strong 1
a: Dig, Shaft Self, Renounce Religion, Minor Destruction, Lesser Servant of
Makhleb


You were on level 2 of the Lair of Beasts.
You worshipped Makhleb.
Makhleb was most pleased with you.
You visited 3 branches of the dungeon, and saw 14 of its levels.

You collected 859 gold pieces.
You spent 65 gold pieces at shops.

Inventory:

Hand Weapons
 a - a +5 flail of holy wrath (weapon)
 b - a +1 spear of flaming
 G - a +4 scimitar of freezing
 P - a +5 long sword
Missiles
 g - 6 javelins
 A - 4 throwing nets
Armour
 c - a +0 kite shield (worn)
 z - a +1 plate armour (worn)
 H - a +2 scale mail of fire resistance
 L - a +0 cloak (worn)
 M - +0 acid dragon scales
 N - +0 steam dragon scales
 O - +0 steam dragon scales
Jewellery
 f - an amulet of regeneration
 i - an amulet of the acrobat
 p - a ring of ice
 v - a +4 ring of protection (left hand)
 w - the amulet of Emiuklam (around neck) {Reflect rElec Slay+5 SH+5}
   (You found it on level 6 of the Dungeon)

   [amulet of reflection]

   It reflects blocked missile attacks.
   Slay:      It affects your accuracy & damage with ranged weapons and melee
   (+5).
   rElec:     It insulates you from electricity.
   SH:        It affects your SH (+5).
 y - a ring of wizardry
 C - a ring of positive energy
 I - an amulet of guardian spirit
 Q - an amulet of faith
 R - a ring of fire
Wands
 r - a wand of flame (46)
 K - a wand of digging (6)
 T - a wand of iceblast (4)
Scrolls
 h - 2 scrolls of amnesia
 j - 6 scrolls of teleportation
 m - 2 scrolls of enchant armour
 n - a scroll of holy word
 u - 2 scrolls of immolation
 x - a scroll of enchant weapon
 E - 2 scrolls of magic mapping
 J - 2 scrolls of fog
Potions
 d - 5 potions of heal wounds
 e - a potion of resistance {unknown}
 k - a potion of cancellation {unknown}
 l - a potion of haste {unknown}
 o - 7 potions of curing
 q - a potion of mutation
 s - a potion of degeneration {unknown}
 t - 3 potions of ambrosia {unknown}
 B - 2 potions of flight {unknown}
 D - a potion of brilliance {unknown}
 F - a potion of might
 S - a potion of berserk rage {unknown}


   Skills:
 + Level 10.7 Fighting
 - Level 2.9(7.2) Axes
 + Level 9.1(9.3) Maces & Flails
 - Level 4.5(5.0) Polearms
 + Level 10.6 Armour
 + Level 1.5 Dodging
 + Level 11.5 Shields
 + Level 7.3 Invocations


You had 11 spell levels left.
You didn't know any spells.
Your spell library contained the following spells:

 Spells                   Type           Power      Damage    Failure   Level
 Beastly Appendage        Tmut           0%         N/A       98%         1
 Magic Dart               Conj           0%         1d3       98%         1
 Call Imp                 Summ           0%         N/A       99%         2
 Searing Ray              Conj           0%         3d3       99%         2
 Slow                     Hex            0%         N/A       99%         2
 Sublimation of Blood     Necr           0%         N/A       99%         2
 Wereblood                Tmut           0%         N/A       99%         2
 Confusing Touch          Hex            0%         N/A       100%        3
 Dazzling Flash           Conj/Hex       0%         N/A       100%        3
 Mephitic Cloud           Conj/Pois/Air  0%         N/A       100%        3
 Spider Form              Tmut/Pois      0%         N/A       100%        3
 Stone Arrow              Conj/Erth      0%         3d7       100%        3
 Vampiric Draining        Necr           0%         2d6       100%        3
 Animate Armour           Summ/Erth      0%         N/A       100%        4
 Fulminant Prism          Conj/Hex       0%         3d6       100%        4
 Iskenderun's Mystic Bla  Conj/Tloc      0%         2d3       100%        4
 Starburst                Conj/Fire      0%         6d3       100%        6
 Summon Hydra             Summ           0%         N/A       100%        7
 Lehudib's Crystal Spear  Conj/Erth      0%         10d2      100%        8


Dungeon Overview and Level Annotations

Branches:
Dungeon (11/15)            Temple (1/1) D:6            Lair (2/6) D:8
  Swamp: Lair:2-4    Shoals: Lair:2-4     Snake: Lair:2-4    Spider: Lair:2-4
    Orc: D:9-12

Altars:
Ashenzari
Cheibriados
Dithmenos
Elyvilon
Fedhas
Gozag
Hepliaklqana
Kikubaaqudgha
Makhleb
Nemelex Xobeh
Okawaru
Qazlal
Ru
Sif Muna
Trog
Uskayaw
Vehumet
Wu Jian
Xom
Yredelemnul
Zin
The Shining One
Lugonu

Shops:
D:2 =   D:4 :(:!   D:9 [

Portals:
Abyss: D:4 D:9

Annotations:
D:4 2 transporters, Nanban's ghost, amateur OgMo
D:9 2 runed translucent doors
Lair:2 Urug


Innate Abilities, Weirdness & Mutations

You cannot be hasted, slowed, berserked, paralysed or teleported.
You can dig through walls and to a lower floor.
You have a pair of large antennae on your head. (SInv)
Your four strong arms can wield two-handed weapons with a shield.
You have sharp toenails.
Your muscles are strong. (Str +2)


Message History

Urug throws a javelin.
The javelin pierces through you but does no damage.
You sock the yak!
The yak is moderately wounded.
You feel very sick. Urug barely misses you.
The yak gores you but does no damage.
Your plate armour prevents you from hitting the yak.
The yak is moderately wounded.
You feel very sick.
Urug hits you from afar with a +1 glaive of venom!!
You are lethally poisoned!
The yak barely misses you. You block the necrophage's attack.
It was a potion of mutation.
You feel extremely strange.
Your toenails lengthen and sharpen.
You feel stronger.
You feel extremely sick. You block Urug's attack. You block the yak's attack.
You block the necrophage's attack.
You feel better. You block Urug's attack. The yak gores you.
The necrophage hits you but does no damage.
A demon appears!
You block Urug's attack. The yak gores you.
* * * LOW HITPOINT WARNING * * *
The necrophage hits you but does no damage.
You sock the yak! Your kick misses the yak.
The yak is heavily wounded.
Urug screams, "Bird-brain!"
Urug hits you but does no damage.
You are poisoned.
You block the yak's attack. The necrophage closely misses you.
You hit the yak.
The yak is severely wounded.
You feel very sick.
Your ynoxinul gestures at the necrophage.
The iron shot misses the necrophage.
The iron shot hits you!
* * * LOW HITPOINT WARNING * * *
You block Urug's attack. You block the yak's attack. The necrophage hits you.
* * * LOW HITPOINT WARNING * * *
You feel better.
Your ynoxinul gestures.
Urug hits you from afar with a +1 glaive of venom!!
You die...

........#. .........#
.........# #..# ####
.........# #..##.#.P
†.......## #######.......
.........### ##@#.##....P.#
........#..####Y#n#.##..#...
...†...††n....oY{n35.....#
........................# #.
.................5#.....##
##.
......#[###.#....####....#
#P. .....#### ##.....#
#....## ##. .....# ###...#
##...#.#####.. ...... #...#
#.....(P.#P##.


You could see Urug, 2 yaks, 2 necrophages, a friendly ynoxinul (summoned) and 2
friendly ufetubi.

Vanquished Creatures
  A hydra (Lair:1)
  Nergalle (D:10)
  A deep elf pyromancer (D:10)
  A cyclops (D:9)
  2 black mambas (Lair:1)
  3 cane toads
  3 komodo dragons
  2 trolls
  A spriggan (Lair:1)
  A shadow (D:9)
  3 wyverns (D:8)
  43 yaks
  A basilisk (D:8)
  4 steam dragons
  Grum (D:8)
  Menkaure (D:4)
  3 water moccasins
  2 acid dragons
  3 orc warriors
  3 black bears
  4 necrophages
  A hornet zombie (D:6)
  2 wolves (D:8)
  2 centaurs
  3 ogres
  A kobold brigand (D:9)
  5 bullfrogs
  2 gnoll sergeants
  A wyvern skeleton (D:7)
  9 wights
  5 centaur zombies
  2 bullfrog zombies (D:5)
  8 hounds
  2 jellies
  A bullfrog skeleton (D:7)
  Terence (D:2)
  6 orc priests
  An iguana (D:6)
  An orc wizard (D:8)
  A killer bee zombie (D:9)
  A hound skeleton (D:4)
  Robin (D:2)
  9 adders
  12 gnolls
  A howler monkey skeleton (D:6)
  A shadow imp (D:6)
  A white imp (D:6)
  2 ufetubi
  A dart slug (D:1)
  11 orcs
  5 endoplasms
  A giant cockroach (D:1)
  6 hobgoblins
  9 kobolds
  2 quokkas (D:1)
  10 ball pythons
  3 bats
  4 frilled lizards
  14 goblins
  3 rats (D:1)
235 creatures vanquished.

Vanquished Creatures (others)
  Maurice (D:8)
  An orc wizard (D:5)
  A gnoll (D:10)
  2 fungi (D:8)
  A plant (Lair:1)
  4 toadstools (D:8)
10 creatures vanquished.

Grand Total: 245 creatures vanquished

Notes
Turn   | Place    | Note
-------+----------+-------------------------------------------
     0 | D:1      | Metae the Formicid Fighter began the quest for the Orb.
     0 | D:1      | Reached XP level 1. HP: 18/18 MP: 1/1
   248 | D:1      | Reached XP level 2. HP: 24/24 MP: 2/2
   531 | D:1      | Found a faded altar of an unknown god.
   714 | D:1      | Reached skill level 4 in Shields
   811 | D:1      | Reached XP level 3. HP: 27/29 MP: 3/3
  1398 | D:2      | Noticed Robin
  1442 | D:2      | Killed Robin
  1443 | D:2      | Reached XP level 4. HP: 37/37 MP: 4/4
  1549 | D:2      | Found Woegeuco's Jewellery Shoppe.
  1651 | D:2      | Noticed Terence
  1655 | D:2      | Killed Terence
  1656 | D:2      | Reached XP level 5. HP: 42/42 MP: 5/5
  2541 | D:3      | Found an opulent altar of Gozag.
  2849 | D:3      | Found a shimmering altar of Xom.
  2857 | D:3      | Noticed a bullfrog
  2863 | D:3      | Killed a bullfrog
  2864 | D:3      | Reached skill level 1 in Maces & Flails
  2864 | D:3      | Reached skill level 5 in Shields
  2864 | D:3      | Reached XP level 6. HP: 49/49 MP: 6/6
  3144 | D:4      | Noticed Menkaure
  3200 | D:4      | Killed Menkaure
  3201 | D:4      | Reached skill level 5 in Fighting
  3201 | D:4      | Reached skill level 5 in Armour
  3201 | D:4      | Reached XP level 7. HP: 47/56 MP: 7/7
  3367 | D:4      | Found a transporter.
  3383 | D:4      | Found a transporter.
  3387 | D:4      | Found a one-way gate to the infinite horrors of the Abyss.
  3388 | D:4      | Noticed Nanban's ghost (amateur OgMo)
  3537 | D:4      | Found Tikkamm's Book Shop.
  3547 | D:4      | Found Agrofuab's Antique Weapon Emporium.
  3574 | D:4      | Found Usmelecs's Book Shoppe.
  3605 | D:4      | Found a burning altar of Makhleb.
  3712 | D:4      | Found Udaciuri's Distillery.
  3726 | D:4      | Bought a potion of heal wounds for 65 gold pieces
  3740 | D:4      | Became a worshipper of Makhleb the Destroyer
  3862 | D:5      | Entered Level 5 of the Dungeon
  3917 | D:5      | Reached skill level 6 in Shields
  3917 | D:5      | Reached XP level 8. HP: 63/63 MP: 8/8
  4174 | D:5      | Found a white marble altar of Elyvilon.
  4267 | D:5      | Reached skill level 7 in Shields
  4628 | D:5      | Found a hazy altar of Hepliaklqana.
  4696 | D:6      | Reached XP level 9. HP: 64/71 MP: 9/9
  4708 | D:6      | Found a staircase to the Ecumenical Temple.
  4820 | D:6      | Reached * piety under Makhleb
  4988 | D:6      | Reached skill level 5 in Maces & Flails
  5006 | D:6      | Identified the amulet of Emiuklam {Reflect rElec Slay+5
                  | SH+5}
  5517 | Temple   | Entered the Ecumenical Temple
  5630 | D:7      | Reached skill level 8 in Shields
  5767 | D:7      | Found an ancient bone altar of Kikubaaqudgha.
  5805 | D:7      | Found a shadowy altar of Dithmenos.
  5836 | D:7      | You fall into a shaft and drop 3 floors!
  5836 | D:10     | Entered Level 10 of the Dungeon
  5955 | D:9      | Found a large runed translucent door.
  5956 | D:9      | Found a large runed translucent door.
  5962 | D:9      | Found a broken altar of Ashenzari.
  6032 | D:9      | Found Noxok's Armour Shop.
  6246 | D:9      | Found a blossoming altar of Fedhas.
  6287 | D:9      | Reached XP level 10. HP: 28/80 MP: 10/10
  6308 | D:9      | Reached skill level 9 in Shields
  6704 | D:9      | Identified the +2 dagger of Sufficient Gallantry {distort,
                  | *Slow rC+ Int+5}
  6704 | D:9      | Noticed a kobold demonologist
  6715 | D:9      | Noticed a kobold demonologist
  6820 | D:7      | Found a glowing silver altar of Zin.
  6855 | D:7      | Found a hide-covered altar of Uskayaw.
  6977 | D:7      | Reached ** piety under Makhleb
  6997 | D:7      | Found a bloodstained altar of Trog.
  7339 | D:8      | Reached skill level 1 in Invocations
  7417 | D:8      | Noticed Grum
  7429 | D:8      | Killed Grum
  7554 | D:8      | Noticed a komodo dragon
  7562 | D:8      | Killed a komodo dragon
  7810 | D:8      | Noticed Maurice
  7817 | D:8      | Killed Maurice
  8097 | D:8      | Found a staircase to the Lair.
  8100 | D:8      | Noticed a komodo dragon
  8106 | D:8      | Killed a komodo dragon
  8107 | D:8      | Reached XP level 11. HP: 60/89 MP: 13/13
  8675 | D:9      | Noticed a white ugly thing
  8676 | D:9      | Found a corrupted altar of Lugonu.
  8676 | D:9      | Noticed a cyan ugly thing
  8695 | D:9      | Noticed a cyclops
  8704 | D:9      | Killed a cyclops
  8705 | D:9      | Reached skill level 10 in Shields
  8891 | D:9      | Found a sparkling altar of Nemelex Xobeh.
  9123 | D:9      | Reached skill level 1 in Polearms
  9601 | D:10     | Noticed a deep elf pyromancer
  9949 | D:10     | Killed a deep elf pyromancer
 10028 | D:10     | Noticed Nergalle
 10049 | D:10     | Killed Nergalle
 10187 | D:10     | Found an iron altar of Okawaru.
 10265 | D:10     | Reached skill level 5 in Invocations
 10521 | D:10     | Found a radiant altar of Vehumet.
 11133 | D:11     | Reached skill level 10 in Fighting
 11137 | D:11     | Reached *** piety under Makhleb
 11141 | D:11     | Reached XP level 12. HP: 97/97 MP: 16/16
 11144 | D:11     | Reached skill level 10 in Armour
 11551 | D:11     | Reached skill level 11 in Shields
 12044 | Lair:1   | Entered Level 1 of the Lair of Beasts
 13046 | Lair:1   | Noticed a six-headed hydra
 13061 | Lair:1   | Killed a six-headed hydra
 13062 | Lair:1   | Reached skill level 1 in Dodging
 13569 | Lair:2   | Noticed Urug
 13596 | Lair:2   | Gained mutation: You have sharp toenails. [potion of
                  | mutation]
 13596 | Lair:2   | Gained mutation: Your muscles are strong. (Str +2) [potion
                  | of mutation]
 13601 | Lair:2   | Mangled by Urug

Illustrated notes

Levels and vault maps discovered:
D:1:      shiori_shiawase, layout_basic, ebering_ecumenical_altar_mist
D:2:      layout_loops_corners, serial_shops, shop_fountains, uniq_robin,
          uniq_terence
D:3:      layout_loops_ring, mainiacjoe_overflow_alcove_4,
          mainiacjoe_overflow_chevrons, minmay_checkerbox
D:4:      layout_rooms, mainiacjoe_overflow_small_starburst,
          gammafunk_ghost_abyssal_escape, serial_shops, shop, shop,
          nicolae_take_the_stairs, shop_statue, hangedman_decor_clover_reticule,
          kennysheep_diamond, uniq_menkaure
D:5:      layout_rooms, worldfamousw_hep_ancestral_shrine,
          nicolae_elyvilon_peaceful_grove
D:6:      layout_loops_ring, minmay_temple_entry_waves
D:7:      layout_rooms, zin_statuary, mainiacjoe_overflow_surrounded_room,
          lemuel_crystal_altar, mainiacjoe_overflow_24_doors,
          mainiacjoe_overflow_brackets
D:8:      layout_basic, erik_lair_dragon, abandoned_shop,
          minmay_misc_feat_cross, minmay_gold_behind_fungi, uniq_maurice,
          uniq_grum
D:9:      due_chaos_kobolds, layout_irregular_city, evilmike_ruin_ashenzari,
          old_standard_altar, marbit_many_paths, serial_shops, shop_fountains
D:10:     layout_rooms, mainiacjoe_overflow_alcove_2, lemuel_doored_altar,
          uniq_nergalle
D:11:     layout_grid_maze
Temple:   corrupted_temple
Lair:1:   layout_regular_city, grunt_forest_large_clearing_hut,
          grunt_megastairs_4, lemuel_fruit_tree
Lair:2:   layout_small_grid, elwin_shoals_entry_rocks,
          guppyfry_snake_entry_island, roderic_carrion_pond,
          serial_bayou_shore_b, uniq_urug

Skill      XL: |  1  2  3  4  5  6  7  8  9 10 11 12 |
---------------+-------------------------------------+-----
Shields        | 4 5 6 7 8 9 10 11 | 11.5
Fighting       | 4 5 6 7 9 10 | 10.7
Armour         | 4 5 6 7 9 10 | 10.6
Maces & Flails | 1 2 3 4 6 7 8 9 |  9.1
Invocations    | 3 5 7 |  7.3
Polearms       | 3 4 |  4.5
Dodging        | 1 |  1.5
Axes           | |  2.9

Action                   |  1- 3 |  4- 6 |  7- 9 | 10-12 || total
-------------------------+-------+-------+-------+-------++-------
Melee: War axe           |   121 |    14 |       |       ||   135
       Flail             |       |    84 |   237 |   467 ||   788
       Spear             |       |       |       |    30 ||    30
Invok: Lesser Servant of |       |       |       |     1 ||     1
 Abil: Dig               |       |       |     1 |     2 ||     3
Evoke: Wand              |       |       |       |     1 ||     1
  Use: Potion            |       |     1 |     1 |     3 ||     5
       Scroll            |       |       |    10 |     5 ||    15
Armor: Scale mail        |    59 |     3 |       |     5 ||    67
       Chain mail        |       |    53 |   130 |    51 ||   234
       Plate armour      |       |       |       |   122 ||   122
Dodge: Dodged            |    48 |    41 |    78 |    94 ||   261
Block: Kite shield       |    76 |    63 |   174 |   431 ||   744
       Reflection        |       |       |     3 |     2 ||     5
